 Dungeon Crawl Stone Soup version 0.30-b1-2-g02819fbbbe (webtiles) character file.

Game seed: 7561182606234468093

1317 MajorAdolf the Firebug (level 8, -6/66 HPs)
             Began as a Naga Wanderer on Aug 30, 2023.
             Was a Believer of Ashenzari.
             Mangled by a yak (8 damage)
             ... on level 9 of the Dungeon.
             The game lasted 00:10:34 (8394 turns).

MajorAdolf the Firebug (Naga Wanderer)              Turns: 8394, Time: 00:10:35

Health: -6/66      AC: 10    Str: 16    XL:     8   Next: 59%
Magic:  10/16      EV:  9    Int: 13    God:    Ashenzari [**....]
Gold:   1107       SH:  0    Dex: 11    Spells: 12/18 levels left

rFire   . . .        A - +2 whip of the Shattered Chagrin {drain, Self, Evo} (curse)
rCold   . . .        (no shield)
rNeg    . . .        d - +0 leather armour "Thunder Perfect Mind" {Cun, Range} (curse)
rPois   +            (no helmet)
rElec   .            b - +0 cloak
rCorr   .            l - +0 pair of gloves of Ashenzari's Planets {Fort, Elem} (curse)
SInv    +            (no barding)
Will    +....        (no amulet)
Stlth   ++           q - +4 ring of protection
HPRegen 0.31/turn    (no ring)
MPRegen 0.15/turn

%: no passive effects
@: very slow
A: AC +2, large, see invisible, deformed body, poison resistance, slowness 2,
spit poison 1, naga tail 1
a: Spit Poison, Renounce Religion, Shatter the Chains


You were on level 9 of the Dungeon.
You worshipped Ashenzari.
Ashenzari was pleased with you.
You visited 2 branches of the dungeon, and saw 9 of its levels.

You collected 1107 gold pieces.

Inventory:

Hand Weapons
 a - a +0 hand axe
 p - a +0 rapier
 A - the cursed +2 whip of the Shattered Chagrin (weapon) {drain, Self, Evo}
   (You took it off a gnoll on level 4 of the Dungeon)

   It has a curse which improves the following skills: Introspection: Fighting
   and Spellcasting.
   Evocations: Evocations.
Armour
 b - a +0 cloak (worn)
 d - the cursed +0 leather armour "Thunder Perfect Mind" (worn) {Cun, Range}

   It has a curse which improves the following skills: Cunning: Dodging and
   Stealth.
   Ranged Combat: Ranged Weapons and Throwing.
 l - the cursed +0 pair of gloves of Ashenzari's Planets (worn) {Fort, Elem}
   (You found it on level 2 of the Dungeon)

   It has a curse which improves the following skills: Fortitude: Armour and
   Shields.
   Elements:  Fire Magic, Ice Magic, Air Magic and Earth Magic.
Magical Staves
 y - a staff of cold
Jewellery
 q - a +4 ring of protection (left hand)
 E - a +6 ring of strength
Wands
 B - a wand of charming (9)
 D - a wand of mindburst (3)
Scrolls
 c - 3 scrolls of fog
 f - 8 scrolls of identify
 g - 2 scrolls of vulnerability
 i - 3 scrolls of noise
 j - 2 scrolls of magic mapping
 k - a scroll of fear
 m - a scroll of blinking
 n - 2 scrolls of teleportation
 z - 2 scrolls of immolation
 C - a scroll of enchant weapon
Potions
 e - 5 potions of curing
 h - 3 potions of berserk rage
 o - a potion of cancellation
 r - a potion of mutation
 s - 2 potions of brilliance
 t - a potion of degeneration
 u - 3 potions of haste
 v - a potion of lignification
 w - 2 potions of heal wounds
 x - a potion of attraction


   Skills:
 - Level 1.0(1.7) Fighting
 - Level 1.0 Axes
 - Level 1.0(1.6) Armour
 - Level 3.0(4.0) Stealth
 + Level 4.6(5.8) Spellcasting
 + Level 4.9 Conjurations
 + Level 3.9 Necromancy
 + Level 5.4(6.5) Fire Magic
 + Level 0.0(0.1) Air Magic
 + Level 0.0 Poison Magic
 - Level 1.0 Invocations
 + Level 2.5(3.5) Evocations


You had 12 spell levels left.
You knew the following spells:

 Your Spells              Type           Power      Damage    Failure   Level
a - Foxfire               Conj/Fire      72%        2x1d7     1%          1
b - Sublimation of Blood  Necr           14%        N/A       6%          2
c - Mephitic Cloud        Conj/Pois/Air  8%         N/A       32%         3

Your spell library contained the following spells:

 Spells                   Type           Power      Damage    Failure   Level
 Magic Dart               Conj           64%        1d6       2%          1
 Inner Flame              Hex/Fire       12%        N/A       17%         3
 Flame Wave               Conj/Fire      18%        2d7       21%         4
 Summon Small Mammal      Summ           12%        N/A       22%         1
 Call Imp                 Summ           6%         N/A       32%         2
 Wereblood                Tmut           3%         N/A       32%         2
 Ozocubu's Armour         Ice            4%         N/A       52%         3
 Call Canine Familiar     Summ           3%         N/A       54%         3
 Summon Guardian Golem    Hex/Summ       3%         N/A       54%         3
 Summon Lightning Spire   Summ/Air       3%         N/A       90%         4
 Summon Cactus Giant      Summ           1%         N/A       100%        6
 Ozocubu's Refrigeration  Ice            2%         4d7       100%        7
 Storm Form               Tmut/Air       1%         N/A       100%        7
 Summon Hydra             Summ           1%         N/A       100%        7
 Maxwell's Capacitive Co  Air            2%         ∞         100%        8
 Death's Door             Necr           7%         N/A       100%        9


Dungeon Overview and Level Annotations

Branches:
Dungeon (10/15)            Temple (1/1) D:4
   Lair: D:8-11         Orc: D:9-12

Altars:
Ashenzari
Cheibriados
Dithmenos
Elyvilon
Fedhas
Gozag
Hepliaklqana
Kikubaaqudgha
Makhleb
Nemelex Xobeh
Okawaru
Qazlal
Ru
Sif Muna
Trog
Uskayaw
Vehumet
Wu Jian
Xom
Yredelemnul
Zin
The Shining One

Shops:
D:4 *

Annotations:
D:3 Sigmund


Innate Abilities, Weirdness & Mutations

Your serpentine skin is tough. (AC +2)
You have supernaturally acute eyesight. (SInv)
Armour fits poorly on your strangely shaped body.
Your system is resistant to poisons. (rPois)
You cover ground very slowly.
You can spit poison.
You have a snake-like lower body.


Message History

You hit the yak but do no damage.
The yak is moderately wounded.
The yak is engulfed in noxious fumes.
The yak appears confused.
The yak is engulfed in noxious fumes.
The yak gores you but does no damage. x2
A bullfrog comes into view.
Unknown command.
You hit the yak.
The yak is heavily wounded.
The yak gores you!
The yak is engulfed in noxious fumes.
The yak appears confused.
The yak gores the yak.
The yak gores the yak but does no damage.
The yak is engulfed in noxious fumes.
The yak appears confused.
The yak closely misses the yak.
Casting: Mephitic Cloud (dangerous; 32% risk of failure)
Confirm with . or Enter, or press ? or * to list all spells.
Aiming: Mephitic Cloud (dangerous; 32% risk of failure)
Press: ? - help, Shift-Dir - straight line, f - yak, p - yak
Aim: a yak (chance to affect: 67%)
The ball explodes into a vile cloud!
The stinking cloud engulfs the yak but does no damage. x2
The stinking cloud engulfs you but does no damage.
The stinking cloud engulfs the yak but does no damage. x2
The yak is lightly wounded.
The stinking cloud engulfs the yak but does no damage.
The yak is heavily wounded.
The yak is engulfed in noxious fumes.
The yak appears confused.
The yak closely misses you.
The yak is engulfed in noxious fumes.
The yak gores you!
* * * LOW HITPOINT WARNING * * *
The yak is engulfed in noxious fumes.
The yak appears confused.
The yak barely misses you.
The yak is engulfed in noxious fumes.
The yak appears confused.
The yak gores the yak.
Unknown command.
The yak is engulfed in noxious fumes.
The yak appears confused.
The yak is engulfed in noxious fumes.
The yak appears confused.
The yak gores you!
* * * LOW HITPOINT WARNING * * *
The yak is engulfed in noxious fumes.
The yak appears confused.
The yak gores you!
You die...

...# ##...# #... ,
....# ##....##...#
* #...##.....#.....
, , *
###...............
,
..................,
,
.........Y........
,
........°Y○.......
, ##..YY@..F....
#...#Y.Y...... * *
#..#######.... , *
##..# * ... ####
##..## #
....#####YY.# ,
#......YY...#* * ,*
, ###......##..# ,
###..####..# ,


You could see 6 yaks and a bullfrog.

Vanquished Creatures
  Grinder (D:5)
  A black bear (D:4)
  An ice beast (D:6)
  2 phantoms
  3 scorpions
  5 hounds
  An orc priest (D:5)
  3 jellies
  A gnoll bouda (D:5)
  2 iguanas
  2 orc wizards (D:5)
  5 gnolls
  8 adders
  A white imp (D:5)
  A worm (D:2)
  4 dart slugs (D:1)
  3 orcs
  6 ball pythons
  3 bats
  7 endoplasms
  3 giant cockroaches
  18 goblins
  6 hobgoblins
  3 kobolds
  2 quokkas
  3 frilled lizards
  8 rats
  A spectral hobgoblin (D:5)
104 creatures vanquished.

Vanquished Creatures (collateral kills)
  2 foxfires (D:3)
2 creatures vanquished.

Vanquished Creatures (others)
  503 foxfires
  9 plants (D:3)
512 creatures vanquished.

Grand Total: 618 creatures vanquished

Notes
Turn   | Place    | Note
-------+----------+-------------------------------------------
     0 | D:1      | MajorAdolf the Naga Wanderer began the quest for the Orb.
     0 | D:1      | MajorAdolf set off with the following items: a +0 hand axe,
                  | a +0 cloak, a scroll of fog, a +0 leather armour; and the
                  | following spell memorised: Foxfire; and the following
                  | spells available to memorise: Inner Flame, Flame Wave.
     0 | D:1      | Reached XP level 1. HP: 18/18 MP: 2/2
   362 | D:1      | Reached XP level 2. HP: 17/25 MP: 1/3
   667 | D:1      | Reached skill level 1 in Conjurations
   918 | D:1      | Reached XP level 3. HP: 31/31 MP: 2/5
  1943 | D:2      | Reached XP level 4. HP: 36/38 MP: 4/7
  2691 | D:3      | Reached skill level 3 in Fire Magic
  2946 | D:3      | Noticed Sigmund
  3004 | D:3      | Noticed a scorpion
  3012 | D:3      | Killed a scorpion
  3013 | D:3      | Reached XP level 5. HP: 44/44 MP: 2/9
  3073 | D:3      | Got the Vellum of Nightshade and Invitation
  3114 | D:3      | Learned a level 2 spell: Sublimation of Blood
  4026 | D:3      | Found a faded altar of an unknown god.
  4505 | D:4      | Noticed a phantom
  4515 | D:4      | Killed a phantom
  4516 | D:4      | Reached skill level 1 in Necromancy
  4516 | D:4      | Reached XP level 6. HP: 42/51 MP: 1/10
  4639 | D:4      | Found a staircase to the Ecumenical Temple.
  4763 | Temple   | Entered the Ecumenical Temple
  4965 | Temple   | Became a worshipper of Ashenzari the Shackled
  5081 | D:4      | Noticed a black bear
  5098 | D:4      | Killed a black bear
  5099 | D:4      | Reached skill level 4 in Fire Magic
  5398 | D:4      | Reached XP level 7. HP: 57/57 MP: 5/12
  5574 | D:4      | Found a glowing golden altar of the Shining One.
  5871 | D:4      | Found Kutaasa's Mass Market.
  6073 | D:5      | Entered Level 5 of the Dungeon
  7236 | D:5      | Found a shimmering blue altar of Sif Muna.
  7236 | D:5      | Found a burning altar of Makhleb.
  7353 | D:5      | Reached XP level 8. HP: 61/64 MP: 4/14
  7513 | D:5      | Reached * piety under Ashenzari
  7513 | D:5      | Identified a scroll of acquirement
  7514 | D:5      | Acquired 801 gold pieces
  7520 | D:5      | Noticed Grinder
  7532 | D:5      | Paralysed by Grinder for 2 turns
  7533 | D:5      | Killed Grinder
  7534 | D:5      | Reached skill level 5 in Fire Magic
  7832 | D:5      | Found a hazy altar of Hepliaklqana.
  8261 | D:6      | Learned a level 3 spell: Mephitic Cloud
  8307 | D:6      | You fall into a shaft and drop 3 floors!
  8316 | D:9      | Reached ** piety under Ashenzari
  8323 | D:9      | Noticed a yak
  8323 | D:9      | Noticed a yak
  8323 | D:9      | Noticed a yak
  8324 | D:9      | Noticed a yak
  8327 | D:9      | Noticed a yak
  8331 | D:9      | Noticed a yak
  8341 | D:10     | Entered Level 10 of the Dungeon
  8394 | D:9      | HP: 2/66 [yak (11)]
  8394 | D:9      | Mangled by a yak

Illustrated notes

Levels and vault maps discovered:
D:1:      ebering_trefoil_3fold, layout_loops_ring
D:2:      layout_loops_ring, minmay_goblin_outpost
D:3:      layout_basic, dilly_ecumenical_altar_fadedgnrine,
          serial_co_window_serial, co_window_paths_b, co_window_corner_a,
          co_window_paths_b, co_window_corner_a, co_window_of_opportunity_a,
          co_window_of_opportunity_a, co_window_unsneaky_path_a,
          co_window_2corner, co_window_2corner, co_window_4corner_a,
          co_window_4corner_b, glass_columns_a, minmay_misc_feat_alley,
          chequers_arboretum, uniq_sigmund
D:4:      layout_gridville, tso_metal_star, temple_green,
          grunt_decor_resistance, kennysheep_diamond, minmay_shop_mass
D:5:      layout_layer_cave, nicolae_hepliaklqana_monster_ancestors,
          gammafunk_temple_overflow_pools, st_stairs_8, uniq_grinder
D:6:      layout_loops_ring
D:9:      layout_layer_cave, uniq_erica
D:10:     layout_rooms, serial_bayou_pond_b, dk_noncrumbling_2,
          corexii_corridor_pit, hangedman_abyss_or_decor_stagger
Temple:   nicolae_temple_bog_church

Skill      XL: |  1  2  3  4  5  6  7  8 |
---------------+-------------------------+-----
Conjurations   | 1 2 3 4 |  4.9
Spellcasting   | 2 3 4 |  4.6
Fire Magic     | 3 4 5 |  5.4
Necromancy     | 1 2 3 |  3.9
Evocations     | 2 |  2.5
Fighting       | |  1.0
Axes           | |  1.0
Armour         | |  1.0
Stealth        | |  3.0
Invocations    | |  1.0

Action                     |  1- 3 |  4- 6 |  7- 9 || total
---------------------------+-------+-------+-------++-------
  Melee: Hand axe          |    59 |    55 |     1 ||   115
         Punch             |       |     2 |       ||     2
         Whip              |       |       |     3 ||     3
   Cast: Foxfire           |    35 |    97 |   156 ||   288
         Sublimation of Bl |       |     2 |     2 ||     4
         Mephitic Cloud    |       |       |     3 ||     3
 Invoke: Curse Item        |       |       |     3 ||     3
Ability: Spit Poison       |     9 |     7 |     2 ||    18
    Use: Scroll            |       |       |     1 ||     1
   Stab: Sleeping          |     1 |     3 |       ||     4
 Armour: Leather armour    |    34 |    59 |    25 ||   118
  Dodge: Dodged            |    48 |    57 |    34 ||   139
